 Dungeon Crawl Stone Soup version 0.20.2-3-g29329e0561 (webtiles) character file.

673 Alfie the Cutter (level 7, -10/91 HPs)
             Began as a Hill Orc Fighter on Nov 28, 2022.
             Killed by nerve-wracking pain
             ... invoked by an orc priest
              (14 damage)
             ... on level 5 of the Dungeon.
             The game lasted 00:10:06 (3719 turns).

Alfie the Cutter (Hill Orc Fighter)                 Turns: 3719, Time: 00:10:07

Health: -10/91     AC:  8    Str: 26    XL:     7   Next: 59%
Magic:  7/7        EV:  8    Int:  8    God:
Gold:   237        SH: 10    Dex: 10    Spells: 6/6 levels left

rFire    . . .     SeeInvis .   a - +0 rapier
rCold    . . .     Gourm    .   c - +0 shield
rNeg     . . .     Faith    .   b - +0 scale mail
rPois    .         Spirit   .   (no helmet)
rElec    .         Reflect  .   (no cloak)
rCorr    .         Harm     .   e - +0 pair of gloves
MR       .....                  (no boots)
Stlth    ..........             (no amulet)
Regen    0.3/turn               (no ring)
MPRegen  0.1/turn               (no ring)

@: berserking (expiring), very quick
A: no striking features
a: Convert to Beogh


You were on level 5 of the Dungeon.
You were not hungry.

You visited 1 branch of the dungeon, and saw 5 of its levels.

You collected 237 gold pieces.

Inventory:

Hand Weapons
 a - a +0 rapier (weapon)
Missiles
 k - 3 tomahawks
 p - 2 exploding tomahawks (quivered)
Armour
 b - a +0 scale mail (worn)
 c - a +0 shield (worn)
 e - a +0 pair of gloves (worn)
Jewellery
 i - an uncursed ring of poison resistance {unknown}
 q - an uncursed ring of flight
Wands
 d - a wand of digging (24/24)
 l - a wand of paralysis (15/24)
Scrolls
 h - 4 scrolls of identify
 m - 2 scrolls of remove curse
Potions
 g - a potion of cancellation {unknown}
 o - a potion of mutation {unknown}
Comestibles
 f - 2 bread rations
 j - 3 meat rations


   Skills:
 + Level 5.2 Fighting
 + Level 5.6 Short Blades
 + Level 4.1 Armour
 + Level 1.9 Dodging
 + Level 0.3 Stealth
 + Level 5.0 Shields


You had 6 spell levels left.
You didn't know any spells.

Dungeon Overview and Level Annotations

Branches:
Dungeon (5/15)
 Temple: D:4-7

Altars:
Xom


Message History

The orc wizard casts a spell.
The orc wizard seems to speed up.
The orc closely misses you.
You puncture the orc!
You kill the orc!
You puncture the worker ant!
The worker ant is heavily wounded.
The orc hits you from afar with a trident.
* * * LOW HITPOINT WARNING * * *
You block the worker ant's attack.
You closely miss the worker ant.
The worker ant is heavily wounded.
You puncture the worker ant!
You kill the worker ant!
Your shield prevents you from hitting the orc priest.
The orc wizard casts a spell.
The orc wizard blinks!
You barely miss the orc priest.
The orc priest invokes the aid of Beogh against you.
Pain shoots through your body!
You die...

...................
.....................
.....................
... #.............
..( ##............
#.# ##....#####....
#.# #..)### ##....
########ยง####...#
#.....
........oo@...###
#.....
#####...#######
#..... .....#.#
##.... ##....o. ##...
#...... ####
......... ..#.......
.##########


You could see an orc priest and an orc.

Vanquished Creatures
  A scorpion (D:4)
  3 howler monkeys (D:4)
  4 crimson imps (D:4)
  A centaur skeleton (D:4)
  An orc wizard (D:5)
  Ijyb (D:3)
  2 worker ants
  An iguana (D:4)
  A hound skeleton (D:4)
  8 adders
  2 oozes (D:1)
  6 worms
  3 dart slugs
  4 leopard geckos
  9 orcs
  A ball python (D:2)
  4 giant cockroaches
  8 goblins
  4 hobgoblins
  10 jackals
  7 kobolds
  A quokka (D:3)
  9 bats
  3 frilled lizards
  A leopard gecko skeleton (D:4)
  7 rats
102 creatures vanquished.

Notes
Turn   | Place    | Note
-------+----------+-------------------------------------------
     0 | D:1      | Alfie the Hill Orc Fighter began the quest for the Orb.
     0 | D:1      | Reached XP level 1. HP: 19/19 MP: 1/1
    45 | D:1      | Reached XP level 2. HP: 17/27 MP: 2/2
   610 | D:1      | Reached XP level 3. HP: 33/33 MP: 3/3
   892 | D:2      | Reached XP level 4. HP: 40/40 MP: 4/4
  1787 | D:3      | Reached XP level 5. HP: 46/46 MP: 5/5
  1954 | D:3      | Noticed Ijyb
  1981 | D:3      | Killed Ijyb
  1989 | D:3      | Reached skill level 1 in Dodging
  2611 | D:4      | Reached XP level 6. HP: 49/53 MP: 6/6
  3051 | D:4      | Found a shimmering altar of Xom.
  3134 | D:4      | Reached skill level 5 in Fighting
  3134 | D:4      | Reached XP level 7. HP: 55/61 MP: 7/7
  3138 | D:4      | Reached skill level 5 in Short Blades
  3247 | D:4      | Reached skill level 5 in Shields
  3567 | D:5      | Entered Level 5 of the Dungeon
  3710 | D:5      | HP: 3/61 [orc/trident (2)]
  3715 | D:5      | HP: 3/91 [orc/trident (2)]
  3719 | D:5      | Killed from afar by an orc priest

Skill      XL: |  1  2  3  4  5  6  7 |
---------------+----------------------+-----
Fighting       | 4 5 |  5.2
Short Blades   | 3 4 5 |  5.6
Shields        | 4 5 |  5.0
Dodging        | 1 |  1.9
Armour         | 4 |  4.1
Stealth        | |  0.3

Action                   |  1- 3 |  4- 6 |  7- 9 || total
-------------------------+-------+-------+-------++-------
Melee: Rapier            |    85 |   313 |    95 ||   493
Throw: Tomahawk          |       |     2 |       ||     2
  Use: Scroll            |     1 |     4 |       ||     5
       Potion            |       |     4 |     1 ||     5
 Stab: Invisible         |       |     1 |       ||     1
  Eat: Bread ration      |       |     1 |       ||     1
       Meat ration       |       |     1 |       ||     1
Armor: Scale mail        |    42 |   169 |    26 ||   237
       Skin              |       |    12 |       ||    12
Dodge: Dodged            |    23 |   123 |    22 ||   168
Block: Shield            |    29 |   159 |    36 ||   224
